 Dungeon Crawl Stone Soup version 0.31-a0-803-g95b03c3367 (webtiles) character file.

Game seed: 4743262345977178304

14 javelincjr the Changeling (level 2, -2/23 HPs)
             Began as a Demigod Shapeshifter on Sept 20, 2023.
             Succumbed to an adder's poison
             ... on level 2 of the Dungeon.
             The game lasted 00:01:55 (854 turns).

javelincjr the Changeling (Demigod Shapeshifter)     Turns: 854, Time: 00:01:56

Health: -2/23      AC:  2    Str: 15    XL:     2   Next: 18%
Magic:  4/4        EV: 12    Int: 12    God:
Gold:   25         SH:  0    Dex: 13    Spells: 1/1 levels left

rFire   + .          .
                       - Unarmed
rCold   x . .        (no shield)
rNeg    . . .        a - +0 animal skin
rPois   .            (helmet currently unavailable)
rElec   .            (cloak currently unavailable)
rCorr   .            (gloves currently unavailable)
SInv    .            (boots currently unavailable)
Will    +....        (no amulet)
Stlth   +            h - ring of willpower
HPRegen 0.23/turn    i - ring of fire
MPRegen 0.09/turn

%: no passive effects
@: lethally poisoned (-2 -> -13), beast-form
A: beast (slay +1), high MP 1, forlorn, divine attributes
a: Begin Untransformation


You were on level 2 of the Dungeon.
You were a hulking beast.
You visited 1 branch of the dungeon, and saw 2 of its levels.

You collected 25 gold pieces.

Inventory:

Armour
 a - a +0 animal skin (worn)
Jewellery
 h - a ring of willpower (left hand)
 i - a ring of fire (right hand)
Talismans
 c - a beast talisman (active)
 d - a flux talisman
Scrolls
 f - a scroll of fear {unknown}
 g - a scroll of teleportation {unknown}
Potions
 b - a potion of lignification
 e - a potion of mutation {unknown}


   Skills:
 + Level 1.2 Fighting
 + Level 2.0 Dodging
 + Level 2.8 Unarmed Combat
 * Level 2.9 Shapeshifting


You had one spell level left.
You didn't know any spells.
Your spell library contained the following spells:

 Spells                   Type           Power      Damage    Failure   Level
 Hailstorm                Conj/Ice       0%         3d3       69%         3
 Summon Ice Beast         Ice/Summ       0%         N/A       97%         4
 Simulacrum               Ice/Necr       0%         N/A       100%        6


Dungeon Overview and Level Annotations

Branches:
Dungeon (2/15)

Shops:
D:1 !


Innate Abilities, Weirdness & Mutations

You are a hulking beast.
Your limbs bulge with bestial killing power. (Slay +1)
You have an increased reservoir of magic. (+10% MP)
You shall have no god before yourself.
Your divine heritage dramatically boosts your attributes as you level up.


Message History

The adder bites you.
You are poisoned.
The adder poisons you! The adder closely misses you.
You closely miss the adder.
The adder is lightly wounded.
You feel sick. The adder bites you but does no damage.
The kobold completely misses you.
You hit the adder.
The adder is moderately wounded.
You feel sick. The adder completely misses you.
The kobold hits you with a +0 dagger.
You closely miss the adder.
The adder is moderately wounded.
You feel sick. The adder bites you. The kobold barely misses you.
You closely miss the adder.
The adder is moderately wounded.
You feel sick.
You are no longer poisoned.
The adder bites you.
You are poisoned.
The adder poisons you! The kobold hits you with a +0 dagger.
The adder bites you.
You are too injured to fight recklessly!
You are too injured to fight recklessly!
You hit the adder.
The adder is severely wounded.
You feel sick. The adder bites you.
* * * LOW HITPOINT WARNING * * *
You are lethally poisoned!
The adder poisons you! The kobold closely misses you.
You closely miss the adder.
The adder is severely wounded.
* * * LOW HITPOINT WARNING * * *
You feel sick. The adder bites you.
* * * LOW HITPOINT WARNING * * *
You are more poisoned.
The adder poisons you! The kobold closely misses you.
You barely miss the adder.
The adder is severely wounded.
You die...

.... #.... .#.# ####
####... ...
##....###
####.###.......
...........#.#
.####.........#.#.#$
.?........<.hS......
#####......K.#.#...
####+#####.######.#
..<...........# .#
...........##.# .#
..........## # .#
..........# .#
..........# ..
..........#


You could see an adder and a kobold.

Vanquished Creatures
  2 endoplasms (D:1)
  A giant cockroach (D:1)
  A goblin (D:1)
  A hobgoblin (D:1)
  A kobold (D:1)
  4 ball pythons (D:1)
  A bat (D:1)
  3 rats
14 creatures vanquished.

Notes
Turn   | Place    | Note
-------+----------+-------------------------------------------
     0 | D:1      | javelincjr the Demigod Shapeshifter began the quest for the
                  | Orb.
     0 | D:1      | Reached XP level 1. HP: 15/15 MP: 3/3
    43 | D:1      | Reached skill level 1 in Fighting
   628 | D:1      | Found Ihueheuc's Distillery.
   642 | D:1      | Reached XP level 2. HP: 22/23 MP: 4/4
   853 | D:2      | HP: 1/23 [adder (3)]
   854 | D:2      | Succumbed to an adder's poison

Illustrated notes

Levels and vault maps discovered:
D:1:      dpeg_arrival_short_road, layout_basic, serial_shops, shop_statue
D:2:      layout_basic, shapermc_ecumenical_altar_flowoftime, uniq_robin

Skill      XL: |  1 |
---------------+----+-----
Fighting       | 1 |  1.2
Dodging        | 2 |  2.0
Unarmed Combat | |  2.8
Shapeshifting  | |  2.9

Action                     || total
---------------------------++-------
  Melee: Unarmed           ||    52
 Armour: Animal skin       ||    25
  Dodge: Dodged            ||    37

Table legend: (Time is in decaauts)
 A = Elapsed time spent in this place.
 B = Non-inter-level travel time spent in this place.
 C = Inter-level travel time spent in this place.
 D = Time resting spent in this place.
 E = Time spent auto-exploring this place.
 F = Levels seen in this place.
 G = Mean time per level.
                   A        B        C        D        E       F      G
               +--------+--------+--------+--------+--------+-----+--------+
         Total |    849 |    818 |     31 |      0 |    717 |   2 |  424.5 |
       Dungeon |    849 |    818 |     31 |      0 |    717 |   2 |  424.5 |
               +--------+--------+--------+--------+--------+-----+--------+

Top non-repeatable levels by time:
     D:1: 819 daAuts
     D:2: 30 daAuts
